[Event "Early-Titled-Tuesday-Blitz-November-28-2023"]
[Site "Chess.com"]
[Date "2023.11.28"]
[Round "3"]
[White "DreamsAreFake"]
[Black "jcibarra"]
[Result "0-1"]
[WhiteElo "2649"]
[BlackElo "2900"]
[TimeControl "180+1"]
[EndTime "8:31:04 PST"]
[Termination "jcibarra won by resignation"]

1. Nf3 Nf6 2. g3 d6 3. Bg2 g6 4.
O-O Bg7 5. b3 O-O 6. Bb2 e5 7.
c4 e4 8. Ne1 Re8 9. Nc3 c6 10.
Nc2 h5 11. d3 d5 12. dxe4 Nxe4 13. Nxe4 Bxb2 14. Rb1 Bg7 15. cxd5 cxd5 16. Nc5 Qe7 17. Qxd5 Nc6 18. e3 Rd8 19. Qc4 Ne5 20. Qb5 a6 21.
Qb6 Rd6 22. Qb4 Rc6 23. Bxc6 Nxc6 24. Qb6 Be5 25. Nd3 Bc7 26. Qc5 Bd6 27. Qc3 Bh3 28.
Rfd1 Rc8 29. Nce1 h4 30. Rbc1 hxg3 31. hxg3 Bg4 32. Rd2 Ba3 33. Rcc2 Nb4 34. Qxc8+ Bxc8 35. Rxc8+ Kg7 36. Nxb4 Bxb4 37. Rd1 a5 38. Ng2 Qe6 39. Rcd8 Qe4 40. R8d7 g5 41. Rc1 Qf5 42. Rxb7 Qe4 43.
Rbc7 Ba3 44. Rd1 Qf3 45. Rcd7 Bb4 46. Ne1 Qf5 47. Nc2 Qxc2 48. R7d5 Kg6 49. a3 Bc3 50. b4 axb4 51. axb4 Bxb4 52. R1d4 Be7 53. Rd3 Bf6 54. Kg2 Qc6 55. Kg1 Qe6 56. Kg2 Kg7 57. Kg1 g4 58. Kg2 Be5 59. Kg1 f6 60. Kg2 Kg6 61. Kg1 Qc6 62. Kg2 Kf5 63. Kg1 Qb7 64. Rd1 Ke4 65. Ra5 Kf3 66. Ra2 Qb3 67. Rad2 Qb6 68.
Rc1 Bxg3 69. Rc4 Be5 70. Rc1 Bg3 71. Rf1 Bh4 72. Rd4 Bg5 73. Rd5 Qe6 74. Rfd1 g3 75. Rf1 g2 76. Rfd1 Qh3 77. Rf5+ Ke2 78. Rd2+ Kxd2 79.
Rd5+ Ke2 80. Rd2+ Kxd2 81. f3 Ke2 82. e4 Bf4 83. e5 Bg3 0-1

[Event "Early-Titled-Tuesday-Blitz-November-28-2023"]
[Site "Chess.com"]
[Date "2023.11.28"]
[Round "3"]
[White "FontVella8"]
[Black "AlexTruskavetsky"]
[Result "1/2-1/2"]
[WhiteElo "2599"]
[BlackElo "2453"]
[TimeControl "180+1"]
[EndTime "8:31:23 PST"]
[Termination "Game drawn by 50-move rule"]

1. e4 c5 2. Nf3 Nc6 3. d4 cxd4 4. Nxd4 Nf6 5. Nc3 e6 6. Ndb5 Bc5 7. Bf4 O-O 8. Bc7 Qe7 9. Bd6 Bxd6 10. Qxd6 Ne8 11. Qxe7 Nxe7 12. O-O-O f5 13. exf5 Nxf5 14. a4 a6 15. Na3 d5 16. g3 Nfd6 17. f4 Bd7 18.
Bh3 Nf6 19. Rhe1 Rfe8 20. Nab1 b5 21. axb5 axb5 22. b3 b4 23. Ne2 Nde4 24. Nd4 Nf2 25. Bxe6+ Bxe6 26. Nxe6 Nxd1 27. Kxd1 Rac8 28. Nd2 Ne4 29.
f5 g6 30. Nxe4 dxe4 31. g4 gxf5 32. gxf5 Kf7 33. Rxe4 Rb8 34. Rh4 Kf6 35. Rxh7 Rg8 36. Kc1 Kxf5 37. Nd4+ Kg6 38. Rc7 Rgc8 39. Rxc8 Rxc8 40.
Kd2 Kf6 41. Kd3 Rc3+ 42. Ke4 Rc5 43. h4 Rh5 44. Kd3 Rxh4 45. Nc6 Ke6 46. c4 bxc3 47. Kxc3 Rh1 48. Nd4+ Kd5 49. Nc2 Rb1 50. b4 Kc6 51. Na3 Rh1 52. Nc4 Rh3+ 53. Kd4 Kb5 54. Nd6+ Kxb4 55. Ne4 Kb5 56. Kd5 Rd3+ 57. Ke5 Kc6 58.
Nf6 Re3+ 59. Ne4 Re1 60. Kd4 Kd7 61. Ke5 Rd1 62. Kf4 Ke6 63. Ng5+ Kd5 64. Nf3 Ra1 65. Ke3 Ra3+ 66. Kf4 Rb3 67. Ng5 Kd4 68. Nf3+ Kd5 69. Ng5 Rb8 70. Nf3 Re8 71. Nd2 Re2 72. Nf3 Re4+ 73.
Kf5 Ra4 74. Ng5 Ra3 75. Kf4 Ra4+ 76. Kf5 Ra8 77. Kf4 Re8 78. Nf3 Re4+ 79. Kf5 Re8 80. Kf4 Re7 81. Ng5 Re1 82. Nf3 Ra1 83. Ke3 Ke6 84.
Kf4 Kf6 85. Ke4 Ra4+ 86. Nd4 Ra5 87. Kf4 Rh5 88. Ke4 Ke7 89. Nf3 Kd6 90. Nd4 Rh4+ 91. Ke3 Kd5 92. Nf3 Re4+ 93. Kd3 Re8 94. Nd2 Ra8 95.
Ke3 Ra3+ 96. Kf4 Ra4+ 97. Ke3 Kd6 98. Ne4+ Ke5 99. Nc3 Rd4 100. Ne2 Rh4 101. Kd3 Re4 102. Nc3 Rd4+ 103. Ke3 Rd8 104. Ne2 Kd5 1/2-1/2

[Event "Early-Titled-Tuesday-Blitz-November-28-2023"]
[Site "Chess.com"]
[Date "2023.11.28"]
[Round "3"]
[White "Rakhmanov_Aleksandr"]
[Black "blank0923"]
[Result "1/2-1/2"]
[WhiteElo "2848"]
[BlackElo "2596"]
[TimeControl "180+1"]
[EndTime "8:31:34 PST"]
[Termination "Game drawn by repetition"]

1. d4 d5 2. c4 dxc4 3. Nf3 Nf6 4. e3 e6 5. Bxc4 a6 6. O-O b5 7. Be2 Bb7 8. a4 b4 9. a5 c5 10. dxc5 Nbd7 11. c6 Bxc6 12. Nd4 Bd5 13. Bf3 Bc5 14. Bxd5 Nxd5 15. e4 N5f6 16. Re1 O-O 17. Nb3 Be7 18. N1d2 Qb8 19. Nc4 Qb5 20. Nd6 Qe5 21. Nc4 Qb5 22.
Qe2 Rac8 23. Nb6 Qxe2 24. Rxe2 Rc6 25. Nxd7 Nxd7 26. Bf4 Nc5 27. Nxc5 Rxc5 28. Be3 Rc4 29. Bb6 Rfc8 30. g3 h5 31. Kg2 Rc2 32. Rae1 Bf6 33. e5 Be7 34. h3 g6 35. g4 hxg4 36. hxg4 R8c4 37. Kg3 g5 38. b3 R4c3+ 39. Re3 Kg7 40. Rd1 Rxe3+ 41. Bxe3 Rc3 42. Rd7 Kf8 43. Ra7 Rxb3 44.
Rxa6 Bc5 45. Ra8+ Kg7 46. Kf3 Bxe3 47. fxe3 Ra3 48. Ke2 Ra2+ 49. Kf3 Ra3 50. a6 Kh7 51. Rb8 Kg7 52. Rxb4 Rxa6 53. Rb5 Ra4 54. Kg3 Ra3 55. Kf3 Ra1 56. Kg3 Rf1 57. Kg2 Re1 58. Kf2 Rc1 59. Kf3 Rc4 60. Kg3 Re4 61. Kf3 Ra4 62.
Kg3 Ra7 63. Kf3 Kf8 64. Kg3 Kg8 65. Kf3 Rc7 66. Kg3 Rd7 67. Kf3 Kf8 68. Kg3 Ke8 69. Kf3 Ke7 70. Ra5 Kf8 71. Ra8+ Kg7 72. Ra5 Kg6 73. Rc5 Rb7 74. Ra5 Kh6 75. Rc5 Kg7 76. Ra5 Rd7 77. Rc5 Ra7 78. Rb5 Rc7 79. Ra5 Rc4 80. Rb5 Rc1 81. Ra5 Rf1+ 82. Kg2 Rd1 83. Kf3 Rd2 84. Kg3 Kf8 85. Kf3 Ke7 86. Ra7+ Rd7 87.
Ra8 Rd8 88. Ra7+ Kf8 89. Ra1 Rd5 90. Ke4 Kg7 91. Rh1 Rb5 92. Rh5 Kg6 93. Rh8 Rb4+ 94. Kf3 Rb5 95. Ke4 Rb4+ 96. Kf3 Kg7 97. Rh5 Kg6 98.
Rh8 1/2-1/2

[Event "Early-Titled-Tuesday-Blitz-November-28-2023"]
[Site "Chess.com"]
[Date "2023.11.28"]
[Round "3"]
[White "FunnyDuck66"]
[Black "kakarot_001"]
[Result "1-0"]
[WhiteElo "2522"]
[BlackElo "2684"]
[TimeControl "180+1"]
[EndTime "8:31:41 PST"]
[Termination "FunnyDuck66 won on time"]

1. d4 Nf6 2. Nf3 g6 3. Bg5 Bg7 4. Nbd2 O-O 5. c3 d6 6. e4 c5 7. dxc5 dxc5 8. Be2 Nc6 9. O-O Bg4 10. Qc2 h6 11.
Bh4 Nh5 12. Nc4 Nf4 13. Ne3 Bxf3 14. Bxf3 Ne5 15. Be2 Nxe2+ 16. Qxe2 Qd3 17. Qxd3 Nxd3 18. Bxe7 Rfe8 19. Nd5 Nxb2 20. Rab1 Na4 21. Rxb7 Nxc3 22. Bxc5 Rxe4 23. Nxc3 Bxc3 24. Bxa7 Ra4 25. Rb8+ Rxb8 26. Bxb8 Rxa2 27. Bf4 Kg7 28. Be3 g5 29. Rc1 Be5 30. h3 Kg6 31. g4 h5 32. Rc6+ f6 33.
Kg2 Ra4 34. Kf3 Ra1 35. Kg2 Rb1 36. Rc8 Rb4 37. Kf3 Rb3 38. Rg8+ Kf7 39. Ra8 h4 40.
Kg2 Ke6 41. Ra6+ Kd5 42. Kf3 Rb1 43. Kg2 Ke4 44. Ra4+ Kd3 45. Ra3+ Ke2 46. Ra2+ Kd3 47. Ra3+ Kc4 48. Ra4+ Kd5 49. Ra5+ Ke6 50. Ra6+ Kf7 51. Ra7+ Kg6 52. Ra5 Rb3 53. Ra7 Rb4 54. Kf3 Bd4 55.
Re7 Be5 56. Ra7 Rc4 57. Rb7 Rc6 58. Ke4 Ra6 59. Rd7 Ra4+ 60. Kf3 Ra1 61. Kg2 Ra3 62.
Rb7 Ra4 63. Kf3 Bf4 64. Re7 Bd6 65. Re4 Ra1 66. Kg2 Be5 67. Rc4 Ra2 68. Rc6 Kf7 69.
Rb6 Ra4 70. Kf3 Ke7 71. Rb1 Ke6 72. Rd1 Ra3 73. Kg2 Ra2 74. Kf3 Ra4 75. Kg2 Ra3 76. Kf3 Bf4 77. Re1 Kd5 78. Rd1+ Ke6 79. Re1 Kf7 80.
Rd1 Bxe3 81. fxe3 Ra2 82. Rb1 Rh2 83. Rb7+ Kg6 84. Rb6 Rxh3+ 85. Kf2 Rg3 86. Rb4 Rh3 87. Ra4 Rh2+ 88. Kf3 1-0

[Event "Early-Titled-Tuesday-Blitz-November-28-2023"]
[Site "Chess.com"]
[Date "2023.11.28"]
[Round "4"]
[White "MaxLeto"]
[Black "Karateloru"]
[Result "0-1"]
[WhiteElo "2555"]
[BlackElo "2799"]
[TimeControl "180+1"]
[EndTime "8:34:06 PST"]
[Termination "Karateloru won by resignation"]

1. h4 d5 2. h5 e5 3. a4 Nc6 4. a5 h6 5. e3 a6 6. d4 Nf6 7.
dxe5 Nxe5 8. Be2 Bd6 9. Nf3 Qe7 10. Nbd2 Neg4 11. Nb3 O-O 12. Nfd4 c5 13. Nf3 Ne4 14. Rf1 Ngxf2 15. Qxd5 Bg3 0-1

[Event "Early-Titled-Tuesday-Blitz-November-28-2023"]
[Site "Chess.com"]
[Date "2023.11.28"]
[Round "4"]
[White "lefonghua"]
[Black "koncheto"]
[Result "1-0"]
[WhiteElo "2719"]
[BlackElo "2525"]
[TimeControl "180+1"]
[EndTime "8:34:07 PST"]
[Termination "lefonghua won by resignation"]

1. d4 Nf6 2. c4 e6 3. Nc3 c5 4. d5 exd5 5. cxd5 d6 6. e4 g6 7. f4 Bg7 8. Nf3 Bg4 9. Be2 Bxf3 10. Bxf3 O-O 11. O-O Na6 12. Re1 Rc8 13. Be3 Re8 14. Qd2 Qa5 15. a3 c4 16. Kh1 Nc5 17. Bxc5 Qxc5 18.
e5 Nd7 19. Ne4 1-0

[Event "Early-Titled-Tuesday-Blitz-November-28-2023"]
[Site "Chess.com"]
[Date "2023.11.28"]
[Round "4"]
[White "Mihajlovskij"]
[Black "arenal72"]
[Result "0-1"]
[WhiteElo "2241"]
[BlackElo "2496"]
[TimeControl "180+1"]
[EndTime "8:34:09 PST"]
[Termination "arenal72 won by resignation"]

1. e4 Nc6 2. Nf3 d6 3. h3 Nf6 4. Nc3 g6 5. d4 Bg7 6. Be3 a6 7. a4 a5 8. Qd2 Nb4 9. O-O-O O-O 10. g4 c6 11. g5 Nh5 12. Kb1 d5 13. Bd3 dxe4 14. Bxe4 Be6 15. Ne2 Bd5 16. Bxd5 0-1

[Event "Early-Titled-Tuesday-Blitz-November-28-2023"]
[Site "Chess.com"]
[Date "2023.11.28"]
[Round "4"]
[White "BardArtem"]
[Black "GlavkonVVS"]
[Result "1-0"]
[WhiteElo "2772"]
[BlackElo "2541"]
[TimeControl "180+1"]
[EndTime "8:34:17 PST"]
[Termination "BardArtem won by resignation"]

1. e4 Nf6 2. e5 Nd5 3. Nc3 Nb6 4. a4 a5 5. d4 d6 6. Nf3 Bg4 7. Be2 e6 8. O-O Be7 9. h3 Bh5 10. Bf4 O-O 11. Ne4 d5 12. Ng3 Bxf3 13. Bxf3 c5 14. dxc5 Bxc5 15. Be2 Nc6 16. Bd3 Bd4 17. Qh5 g6 18. Qh6 Bxe5 19. Bxe5 Nxe5 20. Nh5 1-0

[Event "Early-Titled-Tuesday-Blitz-November-28-2023"]
[Site "Chess.com"]
[Date "2023.11.28"]
[Round "4"]
[White "Eloist"]
[Black "Ariadna_Atreides"]
[Result "0-1"]
[WhiteElo "2368"]
[BlackElo "2205"]
[TimeControl "180+1"]
[EndTime "8:34:42 PST"]
[Termination "Ariadna_Atreides won by resignation"]

1. e4 c6 2. Nf3 d5 3. Nc3 dxe4 4. Nxe4 Nf6 5. Nxf6+ exf6 6. d4 Bd6 7. Bd3 Bg4 8.
O-O O-O 9. h3 Bh5 10. Re1 Bc7 11.
c3 Qd6 12. g3 Qd7 13. Kg2 Na6 14.
Qc2 Bxf3+ 15. Kxf3 Qxh3 16. Rh1 Qxh1+ 0-1

[Event "Early-Titled-Tuesday-Blitz-November-28-2023"]
[Site "Chess.com"]
[Date "2023.11.28"]
[Round "4"]
[White "Cheer_Down"]
[Black "sokidze"]
[Result "0-1"]
[WhiteElo "2487"]
[BlackElo "2747"]
[TimeControl "180+1"]
[EndTime "8:34:44 PST"]
[Termination "sokidze won by checkmate"]

1. d4 d5 2. Bf4 Nf6 3. e3 c5 4. Nf3 Nc6 5. Nbd2 cxd4 6. exd4 a6 7. c3 Bf5 8. h3 h6 9. Be2 e6 10. O-O Bd6 11. Ne5 O-O 12. Re1 Qc7 13. Ndf3 Ne4 14. Bh2 f6 15. Nd3 Bxh2+ 16. Nxh2 Rae8 17. f4 e5 18. dxe5 fxe5 19. fxe5 Qb6+ 20. Kh1 Ng3# 0-1

[Event "Early-Titled-Tuesday-Blitz-November-28-2023"]
[Site "Chess.com"]
[Date "2023.11.28"]
[Round "4"]
[White "Daniel_Salinas"]
[Black "DuleMudule"]
[Result "0-1"]
[WhiteElo "2415"]
[BlackElo "2810"]
[TimeControl "180+1"]
[EndTime "8:34:54 PST"]
[Termination "DuleMudule won by resignation"]

1. Nf3 d5 2. g3 Nc6 3. d4 Bf5 4.
Bg2 Nb4 5. Na3 c6 6. O-O h6 7.
c3 Na6 8. Nc2 e6 9. Bf4 Nf6 10.
Ne5 Bd6 11. Ne3 Bh7 12. Qb3 Rb8 13. c4 O-O 14. Rfc1 g5 15. h4 gxf4 16. gxf4 Nh5 0-1

[Event "Early-Titled-Tuesday-Blitz-November-28-2023"]
[Site "Chess.com"]
[Date "2023.11.28"]
[Round "4"]
[White "Auger_Pi"]
[Black "esrosenberg"]
[Result "1-0"]
[WhiteElo "2610"]
[BlackElo "2399"]
[TimeControl "180+1"]
[EndTime "8:34:57 PST"]
[Termination "Auger_Pi won by resignation"]

1. e4 e5 2. Nf3 Nc6 3. Bc4 Nf6 4. d3 Bc5 5. c3 d6 6. O-O a6 7. a4 Ba7 8. Re1 h6 9. Nbd2 Ng4 10. Re2 O-O 11. h3 Nf6 12. Re1 Re8 13. b4 Be6 14.
Bxe6 Rxe6 15. Bb2 Qd7 16. d4 exd4 17. cxd4 d5 18. e5 Nh7 19. b5 Ne7 20. Qb3 c6 21. b6 Bb8 22. Qd3 f6 23. Nb3 fxe5 24. Nc5 e4 25. Nxd7 1-0

[Event "Early-Titled-Tuesday-Blitz-November-28-2023"]
[Site "Chess.com"]
[Date "2023.11.28"]
[Round "4"]
[White "KejJaj"]
[Black "zozik"]
[Result "1-0"]
[WhiteElo "2156"]
[BlackElo "2340"]
[TimeControl "180+1"]
[EndTime "8:35:17 PST"]
[Termination "KejJaj won by resignation"]

1. d4 d5 2. Bf4 Nf6 3. e3 c5 4. Nd2 Nc6 5. c3 e6 6. Ngf3 Bd6 7. Bg3 O-O 8. Bd3 Re8 9. Ne5 Qc7 10. f4 cxd4 11. exd4 Qb6 12. Qc2 h6 13. Ndf3 Bd7 14. O-O Rac8 15. Qe2 a5 16. Bh4 Be7 17. Bxf6 Bxf6 18.
Nxd7 Qd8 19. Nxf6+ Qxf6 20. Ne5 1-0

[Event "Early-Titled-Tuesday-Blitz-November-28-2023"]
[Site "Chess.com"]
[Date "2023.11.28"]
[Round "4"]
[White "Gabrielian_Artur"]
[Black "AccioChess"]
[Result "1-0"]
[WhiteElo "2733"]
[BlackElo "2457"]
[TimeControl "180+1"]
[EndTime "8:35:25 PST"]
[Termination "Gabrielian_Artur won by resignation"]

1. e4 c5 2. Nf3 d6 3. d4 cxd4 4. Nxd4 Nf6 5. Nc3 a6 6. Bc4 e6 7. Be3 Nbd7 8. Bxe6 fxe6 9. Nxe6 Qa5 10. Nxf8 Rxf8 11. Qxd6 Ne5 12. b4 1-0

[Event "Early-Titled-Tuesday-Blitz-November-28-2023"]
[Site "Chess.com"]
[Date "2023.11.28"]
[Round "4"]
[White "DarZay"]
[Black "Khromkin"]
[Result "0-1"]
[WhiteElo "2238"]
[BlackElo "2492"]
[TimeControl "180+1"]
[EndTime "8:35:46 PST"]
[Termination "Khromkin won by resignation"]

1. e4 c5 2. Nf3 Nc6 3. d4 cxd4 4. Nxd4 g6 5. Nc3 Bg7 6. Be3 Nf6 7. Bc4 O-O 8. O-O Nxe4 9. Nxe4 d5 10. Nxc6 bxc6 11. Bd3 dxe4 12. Bxe4 Rb8 13. Qxd8 Rxd8 14. Bxa7 Rxb2 15. Rad1 Rd7 16. Rxd7 Bxd7 17. Bc5 Bf6 18. a3 Bf5 19. Bxc6 Rxc2 20. g4 Rxc5 0-1

[Event "Early-Titled-Tuesday-Blitz-November-28-2023"]
[Site "Chess.com"]
[Date "2023.11.28"]
[Round "4"]
[White "zeitnotakrobat"]
[Black "abykhovsky"]
[Result "0-1"]
[WhiteElo "2414"]
[BlackElo "2653"]
[TimeControl "180+1"]
[EndTime "8:35:52 PST"]
[Termination "abykhovsky won by resignation"]

1. Nf3 c5 2. c4 g6 3. g3 Bg7 4. Bg2 Nc6 5. O-O e6 6. Nc3 Nge7 7. d3 O-O 8. Bg5 h6 9. Bd2 d6 10. a3 b6 11. Rb1 Bb7 12. b4 Qd7 13. Qc1 Kh7 14. h4 f5 15. Re1 Rad8 16. Nb5 e5 17. Nc3 Nd4 18. bxc5 dxc5 19. Nxd4 exd4 20. Bxb7 dxc3 21.
Bxc3 Bxc3 22. Qxc3 Qxb7 23. Qe5 Nc6 24. Qxc5 Rfe8 25.
Qb5 Nd4 26. Qb2 f4 27. gxf4 Qd7 0-1

[Event "Early-Titled-Tuesday-Blitz-November-28-2023"]
[Site "Chess.com"]
[Date "2023.11.28"]
[Round "4"]
[White "Witik"]
[Black "BigAl"]
[Result "1-0"]
[WhiteElo "2799"]
[BlackElo "2554"]
[TimeControl "180+1"]
[EndTime "8:35:54 PST"]
[Termination "Witik won by resignation"]

1. e4 c6 2. d4 d5 3. exd5 cxd5 4.
Bd3 Nc6 5. c3 Qc7 6. h3 g6 7.
Ne2 f6 8. c4 Be6 9. Nf4 Bf7 10.
cxd5 Nxd4 11. Be3 e5 12. dxe6 Nxe6 13. Bb5+ Ke7 14. Nd5+ 1-0

[Event "Early-Titled-Tuesday-Blitz-November-28-2023"]
[Site "Chess.com"]
[Date "2023.11.28"]
[Round "4"]
[White "hakanazeri2"]
[Black "AC_20"]
[Result "1-0"]
[WhiteElo "2565"]
[BlackElo "2368"]
[TimeControl "180+1"]
[EndTime "8:36:08 PST"]
[Termination "hakanazeri2 won by resignation"]

1. Nf3 d5 2. d4 Bf5 3. c4 e6 4. Nc3 g6 5. cxd5 exd5 6. Qb3 Nc6 7. Qxb7 Nb4 8. e4 dxe4 9. Bb5+ Ke7 10. Ne5 Rb8 11.
Qxa7 Nc2+ 12. Kf1 Nxd4 13. Qxd4 Qxd4 14. Nc6+ Kd6 15. Nxd4 c5 16. Nxf5+ gxf5 17. Bf4+ 1-0

[Event "Early-Titled-Tuesday-Blitz-November-28-2023"]
[Site "Chess.com"]
[Date "2023.11.28"]
[Round "4"]
[White "h4parah5"]
[Black "RodokininEV"]
[Result "1-0"]
[WhiteElo "2936"]
[BlackElo "2606"]
[TimeControl "180+1"]
[EndTime "8:36:13 PST"]
[Termination "h4parah5 won by resignation"]

1. Nf3 Nf6 2. b3 g6 3. Bb2 Bg7 4. d4 O-O 5. e3 d5 6. Be2 c6 7. O-O Nbd7 8. c4 Ne4 9. Na3 a5 10. cxd5 cxd5 11. Nb5 Nb8 12. Rc1 Nc6 13. Ne5 Bd7 14.
Nxd7 Qxd7 15. a3 Rfc8 16. Bd3 Nd6 17. Nc3 e6 18. Na4 Qe7 19. Nb6 Rab8 20. Nxc8 Rxc8 21. Qe2 e5 22. dxe5 Nxe5 23. Rxc8+ Nxc8 24. Rc1 Nd6 25. Bd4 h5 26. h3 Ne4 27. Bxe4 dxe4 28. Qb5 Nd3 29.
Rc8+ Kh7 30. Qe8 Qxe8 31. Rxe8 Bxd4 32. exd4 f5 33. Re7+ Kg8 34. Rxb7 Nf4 35. Kf1 1-0

[Event "Early-Titled-Tuesday-Blitz-November-28-2023"]
[Site "Chess.com"]
[Date "2023.11.28"]
[Round "4"]
[White "sumopork"]
[Black "chess_blitz00"]
[Result "1-0"]
[WhiteElo "2827"]
[BlackElo "2503"]
[TimeControl "180+1"]
[EndTime "8:36:15 PST"]
[Termination "sumopork won by resignation"]

1. Nf3 d6 2. d4 Nf6 3. c4 Nbd7 4. Nc3 e5 5. e4 exd4 6. Nxd4 Nc5 7. f3 g6 8. Be2 Bg7 9. O-O O-O 10. Be3 a5 11. Ndb5 c6 12. Nxd6 Ne6 13. e5 Nh5 14. Nxc8 Rxc8 15.
Qxd8 Rfxd8 16. f4 Bf8 17. Bxh5 gxh5 18. Ne4 Rd3 19. Kf2 Rcd8 20. Ke2 Bh6 21. g3 h4 22. Rad1 R3d7 23. Rxd7 Rxd7 24. Nf6+ 1-0

[Event "Early-Titled-Tuesday-Blitz-November-28-2023"]
[Site "Chess.com"]
[Date "2023.11.28"]
[Round "4"]
[White "LaPiToB"]
[Black "Mikhail_Golubev"]
[Result "0-1"]
[WhiteElo "2261"]
[BlackElo "2576"]
[TimeControl "180+1"]
[EndTime "8:36:15 PST"]
[Termination "Mikhail_Golubev won by resignation"]

1. d4 Nf6 2. c4 g6 3. Nc3 Bg7 4.
e4 d6 5. Be2 O-O 6. Bg5 c5 7. d5 h6 8. Be3 e6 9. Qd2 exd5 10.
exd5 Kh7 11. Bd3 Ng4 12. Nf3 Nxe3 13. fxe3 Nd7 14. O-O Ne5 15. Nxe5 Bxe5 16. Rf2 Kg7 17. Raf1 Qe7 18. e4 Bd4 19. Ne2 Bxf2+ 20. Rxf2 Qe5 21. Nf4 Bd7 22. Bb1 Rae8 23. h4 f5 0-1

[Event "Early-Titled-Tuesday-Blitz-November-28-2023"]
[Site "Chess.com"]
[Date "2023.11.28"]
[Round "4"]
[White "Timerkhanov"]
[Black "vugarrasulov"]
[Result "0-1"]
[WhiteElo "2688"]
[BlackElo "2920"]
[TimeControl "180+1"]
[EndTime "8:36:22 PST"]
[Termination "vugarrasulov won by checkmate"]

1. d4 Nf6 2. Bg5 Ne4 3. h4 d5 4.
Nd2 Bf5 5. Nxe4 Bxe4 6. f3 Bf5 7. g4 h6 8. Bf4 Bh7 9. e3 e6 10. Bd3 Bxd3 11. Qxd3 c5 12. c3 Nc6 13. Ne2 Be7 14.
h5 Rc8 15. Kf2 Qb6 16. Rab1 O-O 17. Kg2 f5 18. gxf5 Rxf5 19. Ng3 Rf7 20. Qg6 cxd4 21. cxd4 Nxd4 22. Bxh6 Nxf3 23. Bf4 Nh4+ 24. Rxh4 Bxh4 25. h6 Rcf8 26. Nh5 e5 27. Qg4 exf4 28. hxg7 Re8 29.
Qxh4 Qg6+ 30. Kh2 Qc2+ 31. Kh3 Rxe3+ 32. Kg4 Qf5# 0-1

[Event "Early-Titled-Tuesday-Blitz-November-28-2023"]
[Site "Chess.com"]
[Date "2023.11.28"]
[Round "4"]
[White "TRadjabov"]
[Black "Igor_Lysyj"]
[Result "1-0"]
[WhiteElo "3026"]
[BlackElo "2825"]
[TimeControl "180+1"]
[EndTime "8:36:41 PST"]
[Termination "TRadjabov won by resignation"]

1. Nf3 d5 2. c4 e6 3. b3 Nf6 4. Bb2 Be7 5. g3 O-O 6. Bg2 c5 7. cxd5 Nxd5 8. O-O b6 9. d4 Bb7 10. dxc5 Bxc5 11. Nc3 Nd7 12. Nxd5 Bxd5 13. Qd3 Be7 14. Rfd1 Rc8 15. Rac1 Rxc1 16. Rxc1 Bf6 17. Bxf6 Qxf6 18.
e4 Qb2 19. Rb1 1-0

[Event "Early-Titled-Tuesday-Blitz-November-28-2023"]
[Site "Chess.com"]
[Date "2023.11.28"]
[Round "4"]
[White "FARIZA2018"]
[Black "Akylbek2021"]
[Result "1-0"]
[WhiteElo "2530"]
[BlackElo "2228"]
[TimeControl "180+1"]
[EndTime "8:36:41 PST"]
[Termination "FARIZA2018 won by checkmate"]

1. e4 e5 2. Nf3 Nc6 3. Bb5 a6 4. Ba4 Nf6 5. O-O Be7 6. Re1 b5 7. Bb3 O-O 8. c3 d5 9. exd5 Nxd5 10. Nxe5 Nxe5 11. Rxe5 Nf6 12. h3 Bd6 13. Re1 Ng4 14.
d4 Bh2+ 15. Kf1 Nxf2 16. Qf3 Qh4 17. Qxf7+ Rxf7 18. Re8# 1-0

[Event "Early-Titled-Tuesday-Blitz-November-28-2023"]
[Site "Chess.com"]
[Date "2023.11.28"]
[Round "4"]
[White "MeesvanOsch"]
[Black "TheCavemanChess"]
[Result "0-1"]
[WhiteElo "2411"]
[BlackElo "2715"]
[TimeControl "180+1"]
[EndTime "8:36:43 PST"]
[Termination "TheCavemanChess won by resignation"]

1. e4 e6 2. d4 d5 3. Nc3 Nf6 4. e5 Nfd7 5. f4 c5 6. Nf3 Nc6 7. Ne2 Be7 8. Be3 Qb6 9. Qc1 O-O 10. c3 f6 11. Ng3 cxd4 12. Nxd4 Bc5 13. exf6 Nxf6 14.
Qd2 Ng4 15. O-O-O Nxe3 16. Qxe3 Nxd4 17. cxd4 Bd6 18. Ne2 Bd7 19. g3 Ba4 20. Re1 e5 21.
fxe5 Bb4 22. Nc3 Rac8 23. Bh3 Rxc3+ 24. Qxc3 Bxc3 25. bxc3 Rf2 0-1

[Event "Early-Titled-Tuesday-Blitz-November-28-2023"]
[Site "Chess.com"]
[Date "2023.11.28"]
[Round "4"]
[White "jens1102"]
[Black "crosky"]
[Result "1-0"]
[WhiteElo "2628"]
[BlackElo "2325"]
[TimeControl "180+1"]
[EndTime "8:36:47 PST"]
[Termination "jens1102 won by checkmate"]

1. e4 c6 2. Nf3 d5 3. Nc3 dxe4 4.
Nxe4 Nf6 5. Nxf6+ exf6 6. d4 Bd6 7. Bd3 O-O 8. O-O Re8 9. c3 Nd7 10. Qc2 Nf8 11. Be3 Bg4 12. Nd2 Qd7 13. Ne4 Bc7 14. Rfe1 Ng6 15. Ng3 Nf4 16. Bxf4 Bxf4 17. Bf5 Bxf5 18.
Qxf5 Qxf5 19. Nxf5 g6 20. Ne3 Bxe3 21. Rxe3 Rxe3 22.
fxe3 f5 23. Kf2 Re8 24. a4 a5 25. g3 Kf8 26. b4 Ra8 27. Ke2 Ke7 28. Kd3 Kd6 29.
Kc4 Re8 30. Kd3 Ra8 31. b5 cxb5 32. axb5 b6 33. c4 Rc8 34. Re1 h5 35. e4 fxe4+ 36. Rxe4 f5 37. Re5 Rf8 38. h3 f4 39. gxf4 Rxf4 40.
Rg5 Rf3+ 41. Ke4 Rxh3 42. Rxg6+ Kc7 43. Kd5 a4 44. Rg7+ Kb8 45. c5 a3 46. Kc6 bxc5 47. Rg8+ Ka7 48. b6+ Ka6 49. Ra8# 1-0

[Event "Early-Titled-Tuesday-Blitz-November-28-2023"]
[Site "Chess.com"]
[Date "2023.11.28"]
[Round "4"]
[White "MasterKroket"]
[Black "Willi_Skibbe"]
[Result "1-0"]
[WhiteElo "2502"]
[BlackElo "2272"]
[TimeControl "180+1"]
[EndTime "8:36:50 PST"]
[Termination "MasterKroket won on time"]

1. e4 e6 2. d4 d5 3. Nc3 Nf6 4. e5 Nfd7 5. f4 c5 6. Nf3 Nc6 7. Be3 a6 8. Qd2 b5 9. dxc5 Bxc5 10. Bxc5 Nxc5 11. Qf2 Ne4 12. Nxe4 dxe4 13. Nd2 Qd5 14.
c4 bxc4 15. Bxc4 Qa5 16. O-O O-O 17. Nxe4 Bb7 18. Nd6 Rab8 19. Rac1 Ne7 20. f5 Nxf5 21. Nxf5 exf5 22. Qxf5 Qb6+ 23. Rf2 1-0

[Event "Early-Titled-Tuesday-Blitz-November-28-2023"]
[Site "Chess.com"]
[Date "2023.11.28"]
[Round "4"]
[White "Gyulamiryan-koryun"]
[Black "spotbet"]
[Result "0-1"]
[WhiteElo "1914"]
[BlackElo "2429"]
[TimeControl "180+1"]
[EndTime "8:36:51 PST"]
[Termination "spotbet won on time"]

1. e4 e6 2. d4 Ke7 3. f4 Qe8 4. Nf3 Kd8 5. Bd3 Nf6 6. O-O Be7 7. h3 b6 8. Be3 Bb7 9. Nbd2 d5 10. e5 Nfd7 11. a3 a5 12. c3 Ba6 13. Qe2 Bxd3 14.
Qxd3 h6 15. f5 Nc6 16. fxe6 fxe6 17. b4 Rf8 18. Qb5 Ndb8 19. c4 axb4 20. axb4 Rxa1 21. Rxa1 Nxb4 22. Ra8 Qxb5 23. Rxb8+ Kd7 24. cxb5 Rxb8 25.
g4 Ra8 26. g5 hxg5 27. Bxg5 Bxg5 28. Nxg5 Nc2 29. Ndf3 Ra5 0-1

[Event "Early-Titled-Tuesday-Blitz-November-28-2023"]
[Site "Chess.com"]
[Date "2023.11.28"]
[Round "4"]
[White "CristianS27"]
[Black "Tobias_Koelle"]
[Result "0-1"]
[WhiteElo "2576"]
[BlackElo "2858"]
[TimeControl "180+1"]
[EndTime "8:36:55 PST"]
[Termination "Tobias_Koelle won by resignation"]

1. e4 g6 2. d4 Bg7 3. Nc3 c6 4. Nf3 d5 5. h3 dxe4 6. Nxe4 Nf6 7. Nxf6+ exf6 8. Bc4 O-O 9. O-O a5 10. a4 Na6 11. c3 Nc7 12. Bf4 Nd5 13. Bh2 Be6 14. Bb3 Qd7 15. Re1 Rfe8 16. Bc2 Bf8 17. Nd2 f5 18.
Nc4 f6 19. Bb3 Bf7 20. Qd2 Rxe1+ 21. Rxe1 b5 22. Ne3 Nxe3 23. Bxf7+ Kxf7 24. Qxe3 bxa4 25. c4 Re8 26. Qxe8+ Qxe8 27. Rxe8 Kxe8 28. Kf1 a3 29. bxa3 Bxa3 30. Ke2 Bb2 31. Kd3 a4 32. d5 Kd7 33.
Bb8 cxd5 34. cxd5 a3 35. Kc2 Be5 36. Ba7 a2 0-1